AoeStats
← rpgjenkins

Four Lakes

508114177Analyzed
1v1 RM · 11d ago on Sep 20, 2026· 40m 1s· 2 players
Game mode
Random Map
Map size
Tiny (2 player)
Population
200
Speed
Normal
Resources
Standard
Victory
Conquest
Starting age
Dark Age
Ending age
Imperial Age
RankedLock teamsTeams togetherTeam positionsShared explorationLock speedFull tech treeHidden civsTurbo modeCheats
Victory
Defeat
🇨🇦 Malians · Canada
816
+17
🇨🇦 Bohemians · Canada
847
-17
rpgjenkins
8:53 Loom
11:49 Feudal Age
17:17 Castle Age
15:21 Double-Bit Axe
18:41 Bow Saw
19:19 Crossbowman
20:01 Padded Archer Armor
19:52 Fletching
20:50 Thumb Ring
24:48 Bodkin Arrow
25:08 Leather Archer Armor
25:25 Pikeman
26:06 Squires
25:52 Arson
33:45 Leather Archer Armor
40:14 Ballistics
41:07 Wheelbarrow
smitty.smith773
1:40 Loom
12:05 Feudal Age
12:40 Double-Bit Axe
13:33 Wheelbarrow
13:05 Fishing Lines
13:32 Horse Collar
17:35 Forging
20:46 Castle Age
21:53 Hand Cart
21:42 Fletching
24:13 Iron Casting
25:42 Husbandry
26:02 Scale Barding Armor
27:48 Gillnets
28:03 Bodkin Arrow
29:44 Murder Holes
30:10 Ballistics
31:13 Bow Saw
37:33 Masonry
Connection lost

Rejoining the realm…

Still unreachable

The connection could not be restored.

Session expired

The server has moved on; the page needs a fresh start.